 Dungeon Crawl Stone Soup version 0.18-a0-1774-gce1f7b6 (webtiles) character file.

104 HaroldButt the Grave Robber (level 4, -2/21 HPs)
             Began as a Vine Stalker Necromancer on Apr 15, 2016.
             Killed by divine providence
             ... invoked by an orc priest
              (10 damage)
             ... on level 3 of the Dungeon.
             The game lasted 00:24:03 (1799 turns).

HaroldButt the Grave Robber (VSNe)                  Turns: 1799, Time: 00:24:04

Health: -2/21      AC:  3    Str: 11    XL:     4   Next: 80%
Magic:  0/8        EV: 12    Int: 16    God:
Gold:   90         SH:  0    Dex: 14    Spells: 3 memorised, 2 levels left

rFire  . . .     SeeInvis .     t - +2 dagger (drain)
rCold  . . .     Gourm    .     a - +1 robe
rNeg   . . .     Faith    .     (no shield)
rPois  .         Spirit   +     (no helmet)
rElec  .         Dismiss  .     (no cloak)
rCorr  .         Reflect  .     (no gloves)
SustAt .         Harm     .     (no boots)
MR     .....                    (no amulet)
Stlth  ++........               (no ring)
                                (no ring)

@: drained, not resistant to hostile enchantments, unstealthy
A: fangs 2, regeneration 1, magic shield, antimagic bite, no device heal 3, rot
immunity
a: no special abilities


You were on level 3 of the Dungeon.
You were hungry.

You visited 1 branch of the dungeon, and saw 3 of its levels.

You collected 90 gold pieces.

Inventory:

Hand Weapons
 i - a +0 blowgun
 j - a +3 whip
 t - a +2 dagger of draining (weapon)
Missiles
 h - 2 curare-tipped needles
 k - 31 poisoned needles
 p - 78 stones (quivered)
Armour
 a - a +1 robe (worn)
Scrolls
 d - a scroll of remove curse
 o - 2 scrolls of enchant armour
 u - a scroll of amnesia {unknown}
Potions
 e - a potion of magic
 g - a potion of brilliance {unknown}
 m - a potion of agility
 n - a potion of curing {unknown}
 q - a potion of degeneration {unknown}
 r - a potion of lignification {unknown}
Books
 b - a book of Necromancy

   Spells                             Type                      Level
   a - Pain                           Necromancy                   1
   b - Animate Skeleton               Necromancy                   1
   c - Vampiric Draining              Necromancy                   3
   d - Regeneration                   Charms/Necromancy            3
   e - Animate Dead                   Necromancy                   4
   f - Control Undead                 Necromancy                   4
Comestibles
 c - 2 bread rations
 f - 3 chunks of flesh
 l - 2 beef jerkies
 s - a royal jelly


   Skills:
 - Level 1.6(1.5) Dodging
 - Level 2.5(2.4) Stealth
 - Level 2.1(2.0) Spellcasting
 + Level 5.9(5.8) Necromancy


You had 2 spell levels left.
You knew the following spells:

 Your Spells              Type           Power        Failure   Level  Hunger
a - Pain                  Necr           ###.         1%          1    #......
b - Animate Skeleton      Necr           N/A          1%          1    #......
c - Vampiric Draining     Necr           ###.......   8%          3    ###....


Dungeon Overview and Level Annotations

Branches:
Dungeon (3/15)

Altars:
The Shining One


Innate Abilities, Weirdness & Mutations

You have extremely sharp teeth.
Your natural rate of healing is unusually fast.
When hurt, damage is shared between your health and your magic reserves.
Your bite disrupts and absorbs the magic of your enemies.
Potions and wands cannot restore your health.
You are immune to rotting.


Message History

Beogh smites you!
You hit the adder. You drain the adder!
You kill the adder!
Casting: Animate Skeleton
Confirm with . or Enter, or press ? or * to list all spells.
Aiming: Pain
Press: ? - help, Shift-Dir - straight line, f - orc priest
Aim: an orc priest, wielding a dagger (chance to defeat MR: 80%)
The orc priest barely resists.
The orc priest hits you but does no damage.
You barely miss the orc priest. Your bite misses the orc priest.
The orc priest misses you.
You hit the orc priest. You drain the orc priest!
The orc priest is moderately wounded.
The orc priest hits you but does no damage.
You hit the orc priest.
The orc priest is severely wounded.
The orc priest invokes the aid of Beogh against you.
Beogh smites you!
You die...

######## #....Zo#
#o####Z.S..... #@#
#.####... #.# #.# #.#
#.# #.# #.#
#########.####.#
#........#.....#######.
#.#######..###.........
#.# #..# #.######## #.#
#..###Z#


You could see an orc priest.

Vanquished Creatures
  4 adders
  2 oozes
  4 giant geckos
  An orc (D:3)
  2 ball pythons
  A giant cockroach (D:2)
  9 goblins
  3 hobgoblins (D:1)
  3 jackals
  A quokka (D:3)
  A bat (D:2)
  5 giant newts
  8 kobolds
  6 rats
50 creatures vanquished.

Vanquished Creatures (collateral kills)
  2 orcs (D:3)
  A giant newt (D:2)
  A goblin (D:2)
  A quokka skeleton (D:3)
5 creatures vanquished.

Grand Total: 55 creatures vanquished

Notes
Turn   | Place    | Note
--------------------------------------------------------------
     0 | D:1      | HaroldButt the Vine Stalker Necromancer began the quest for the Orb.
     0 | D:1      | Reached XP level 1. HP: 9/9 MP: 4/4
   144 | D:1      | Reached XP level 2. HP: 11/13 MP: 4/6
   291 | D:1      | Found a glowing golden altar of the Shining One.
   338 | D:1      | Learned a level 1 spell: Animate Skeleton
   665 | D:2      | Reached XP level 3. HP: 16/16 MP: 7/7
   781 | D:2      | Reached skill level 5 in Necromancy
  1215 | D:2      | Reached XP level 4. HP: 17/21 MP: 3/8
  1220 | D:2      | Learned a level 3 spell: Vampiric Draining
  1504 | D:3      | Found a faded altar to an unknown god.
  1799 | D:3      | Killed from afar by an orc priest

Vault maps used:
D:1:      kennysheep_arrival_seaside, minmay_misc_feat_alley, tso_altar
D:3:      first_bread, ecumenical_altar_2, hangedman_abyss_or_decor_lesser_grid

Skill      XL: |  1  2  3 |
---------------+----------+-----
Necromancy     | 5 |  5.9
Dodging        | |  1.6
Stealth        | |  2.5
Spellcasting   | |  2.1

Action                   |  1- 3 |  4- 6 || total
-------------------------+-------+-------++-------
Melee: Unarmed           |     7 |       ||     7
       Bite              |    15 |    11 ||    26
       Dagger            |    59 |    47 ||   106
 Cast: Pain              |    22 |     1 ||    23
       Animate Skeleton  |    12 |     6 ||    18
  Use: Scroll            |     1 |     5 ||     6
 Stab: Sleeping          |     5 |     4 ||     9
  Eat: Chunk             |     1 |     2 ||     3
Armor: Robe              |    10 |    10 ||    20
Dodge: Dodged            |    38 |    26 ||    64
